 Dungeon Crawl Stone Soup version 0.29.0-5-ge4962eb29e (webtiles) character file.

Game seed: 9514764229407897417

2772 Leibowitz the Magician (level 9, -9/67 HPs)
             Began as a Demigod Venom Mage on Aug 28, 2022.
             Mangled by a white ugly thing (34 damage)
             ... on level 7 of the Dungeon.
             The game lasted 00:46:52 (10304 turns).

Leibowitz the Magician (Demigod Venom Mage)        Turns: 10304, Time: 00:46:53

Health: -9/67      AC: 10    Str: 15    XL:     9   Next: 19%
Magic:  10/22      EV: 12    Int: 29    God:
Gold:   284        SH:  0    Dex: 14    Spells: 2/20 levels left

rFire   + . .      SeeInvis .   a - +0 quarterstaff
rCold   . . .      Faith    .   (shield currently unavailable)
rNeg    . . .      Spirit   .   B - +3 leather armour of the Valley {rF+}
rPois   .          Reflect  .   (no helmet)
rElec   .          Harm     .   p - scarf {+Inv}
rCorr   .          Rampage  .   (no gloves)
Will    .....                   (no boots)
Stlth   ++........              i - amulet of regeneration
HPRegen 1.01/turn               j - +6 ring of strength
MPRegen 0.18/turn               u - +4 ring of protection

@: no status effects
A: high MP 1, forlorn, divine attributes
a: Evoke Invisibility


You were on level 7 of the Dungeon.
You visited 1 branch of the dungeon, and saw 7 of its levels.

You collected 284 gold pieces.

Inventory:

Hand Weapons
 a - a +0 quarterstaff (weapon)
 E - a +0 short sword
Armour
 p - a scarf of invisibility (worn)
 B - the +3 leather armour of the Valley (worn) {rF+}
   (You found it on level 5 of the Dungeon)

   rF:        It protects you from fire.
Jewellery
 e - a ring of flight
 i - an amulet of regeneration (around neck)
 j - a +6 ring of strength (left hand)
 r - a ring of protection from fire
 u - a +4 ring of protection (right hand)
 v - a ring of poison resistance
Wands
 m - a wand of iceblast (5)
 w - a wand of charming (11)
Scrolls
 c - 5 scrolls of poison {unknown}
 d - 5 scrolls of identify {unknown}
 h - a scroll of noise {unknown}
 k - 3 scrolls of fear {unknown}
 l - a scroll of torment {unknown}
 q - a scroll of vulnerability {unknown}
 x - a scroll of fog {unknown}
 y - a scroll of enchant armour {unknown}
 z - 2 scrolls of immolation {unknown}
 A - 5 scrolls of amnesia {unknown}
Potions
 b - a potion of magic
 f - a potion of brilliance {unknown}
 g - 3 potions of curing
 n - 4 potions of heal wounds {unknown}
 o - 3 potions of mutation {unknown}
 s - a potion of berserk rage {unknown}
 t - 2 potions of degeneration {unknown}
 C - a potion of flight {unknown}
 D - a potion of cancellation {unknown}
 F - a potion of invisibility {unknown}
 G - 2 potions of haste {unknown}


   Skills:
 + Level 2.1 Fighting
 + Level 1.5 Short Blades
 + Level 1.6 Staves
 + Level 2.0 Armour
 + Level 2.6 Dodging
 + Level 3.2 Stealth
 * Level 6.2 Spellcasting
 + Level 0.4 Conjurations
 + Level 0.5 Hexes
 + Level 2.3 Transmutations
 + Level 1.0 Fire Magic
 + Level 0.4 Ice Magic
 + Level 3.5 Air Magic
 + Level 5.4 Poison Magic
 * Level 4.4 Evocations


You had 2 spell levels left.
You knew the following spells:

 Your Spells              Type           Power      Damage    Failure   Level
a - Sting                 Tmut/Pois      100%       1d8       1%          1
b - Poisonous Vapours     Pois/Air       70%        N/A       1%          2
c - Mephitic Cloud        Conj/Pois/Air  27%        N/A       5%          3
d - Ensorcelled Hibernat  Hex/Ice        22%        N/A       9%          2
e - Swiftness             Air            29%        N/A       4%          3
f - Ignite Poison         Fire/Tmut/Pois 26%        N/A       6%          3
g - Olgreb's Toxic Radia  Pois           40%        N/A       7%          4

Your spell library contained the following spells:

 Spells                   Type           Power      Damage    Failure   Level
 Passwall                 Tmut/Erth      12%        N/A       6%          2
 Tukima's Dance           Hex            12%        N/A       17%         3
 Portal Projectile        Hex/Tloc       20%        N/A       19%         3
 Blade Hands              Tmut           11%        N/A       58%         5
 Freezing Cloud           Conj/Ice/Air   8%         6-21      71%         5


Dungeon Overview and Level Annotations

Branches:
Dungeon (7/15)             Temple (0/1) D:7

Shops:
D:7 !

Annotations:
D:7 3 runed translucent doors, Smoky173's ghost, novice HOFi


Innate Abilities, Weirdness & Mutations

You have an increased reservoir of magic. (+10% MP)
You shall have no god before yourself.
Your divine heritage dramatically boosts your attributes as you level up.


Message History

Your toxic aura wanes.
The black bear bites you. The black bear barely misses you.
The black bear claws you.
You hit the black bear.
The black bear is moderately wounded.
The black bear bites you.
The black bear claws you but does no damage.
The black bear claws you.
Casting: Olgreb's Toxic Radiance (dangerous; 8% risk of failure)
Confirm with . or Enter, or press ? or * to list all spells.
You ignite the poison in your surroundings!
The black bear seems to burn from within!!
You kill the black bear!
The howler monkey seems to burn from within!!!
You kill the howler monkey!
The howler monkey seems to burn from within.
The howler monkey is heavily wounded.
The white ugly thing seems to burn from within!
The white ugly thing is moderately wounded.
Your Fire Magic skill increases to level 1!
The howler monkey hits you but does no damage.
The howler monkey hoots and howls with incredible vigour!
Casting: Ignite Poison (dangerous; 6% risk of failure)
Confirm with . or Enter, or press ? or * to list all spells.
You begin to radiate toxic energy.
The white ugly thing is poisoned.
The howler monkey is poisoned.
The white ugly thing looks even sicker.
The howler monkey hits you but does no damage.
You hit the howler monkey.
You kill the howler monkey!
Your toxic aura wanes.
Casting: Olgreb's Toxic Radiance (dangerous; 7% risk of failure)
Confirm with . or Enter, or press ? or * to list all spells.
You ignite the poison in your surroundings!
The white ugly thing seems to burn from within!!
The white ugly thing is almost dead.
The white ugly thing trunk-slaps you! The white ugly thing freezes you!!
Unknown command.
The white ugly thing trunk-slaps you! The white ugly thing freezes you!!
Ouch! That really hurt!
You die...

## #.....# ..#
.. ....... ..#
# #. .W.....
#.# #.#.
n.o.... #.#
#..o#.u...:#
#.# #....##
##.# ####..###
##..#
##.on####...##
###..Wu@....#
########..#
#..# #..#
#..## ##.#.###
#)###..#
##)#.#.#
##.##.##


You could see a white ugly thing, a necrophage, a phantom and an orc.

Vanquished Creatures
  A hornet (D:7)
  4 yaks (D:7)
  A steam dragon (D:6)
  2 water moccasins
  2 black bears
  An ice beast (D:6)
  A sky beast (D:7)
  An ogre (D:3)
  A centaur (D:7)
  A phantom (D:5)
  A kobold brigand (D:7)
  2 necrophages (D:7)
  2 bullfrogs
  3 scorpions
  3 howler monkeys
  2 hounds
  2 jellies
  3 orc priests (D:7)
  Crazy Yiuf (D:3)
  Ijyb (D:4)
  An iguana (D:5)
  Robin (D:4)
  3 gnolls (D:2)
  An adder (D:2)
  2 shadow imps
  An ufetubus (D:4)
  A dart slug (D:3)
  A worm (D:2)
  11 orcs
  3 ball pythons
  11 endoplasms
  2 giant cockroaches (D:1)
  18 goblins
  9 hobgoblins
  2 jackals (D:1)
  3 quokkas
  9 bats
  5 frilled lizards
  12 kobolds
  8 rats
139 creatures vanquished.

Vanquished Creatures (others)
  3 fungi (D:7)
  A plant (D:7)
4 creatures vanquished.

Grand Total: 143 creatures vanquished

Notes
Turn   | Place    | Note
-------+----------+-------------------------------------------
     0 | D:1      | Leibowitz the Demigod Venom Mage began the quest for the
                  | Orb.
     0 | D:1      | Reached XP level 1. HP: 14/14 MP: 5/5
   459 | D:1      | Reached skill level 2 in Spellcasting
   805 | D:1      | Reached XP level 2. HP: 13/20 MP: 0/7
   808 | D:1      | Learned a level 2 spell: Poisonous Vapours
  2185 | D:1      | Reached XP level 3. HP: 26/26 MP: 6/9
  2189 | D:1      | Learned a level 3 spell: Mephitic Cloud
  2715 | D:2      | Reached skill level 1 in Transmutations
  3436 | D:2      | Reached skill level 1 in Air Magic
  3436 | D:2      | Reached XP level 4. HP: 33/33 MP: 2/10
  3844 | D:2      | Learned a level 2 spell: Ensorcelled Hibernation
  4463 | D:3      | Noticed an ogre
  4514 | D:3      | Killed an ogre
  4515 | D:3      | Reached XP level 5. HP: 35/38 MP: 0/12
  5043 | D:3      | Found a runed translucent door.
  5044 | D:3      | Noticed Crazy Yiuf
  5061 | D:3      | Killed Crazy Yiuf
  5062 | D:3      | Reached skill level 3 in Spellcasting
  5653 | D:4      | Noticed a black bear
  5667 | D:4      | Killed a black bear
  5668 | D:4      | Reached XP level 6. HP: 44/46 MP: 0/14
  5766 | D:4      | Learned a level 3 spell: Swiftness
  5884 | D:4      | Noticed Ijyb
  5909 | D:4      | Killed Ijyb
  5910 | D:4      | Reached skill level 1 in Evocations
  6157 | D:4      | Noticed Robin
  6194 | D:4      | Killed Robin
  6924 | D:5      | Entered Level 5 of the Dungeon
  7363 | D:5      | Reached XP level 7. HP: 47/51 MP: 10/16
  7435 | D:5      | Reached skill level 4 in Spellcasting
  7572 | D:5      | Identified the +3 leather armour of the Valley {rF+}
  7819 | D:5      | Reached skill level 1 in Short Blades
  7995 | D:5      | Learned a level 3 spell: Ignite Poison
  8070 | D:6      | Noticed a steam dragon
  8537 | D:6      | Killed a steam dragon
  8834 | D:6      | Reached XP level 8. HP: 58/58 MP: 14/18
  9178 | D:7      | Reached skill level 1 in Armour
  9178 | D:7      | Reached skill level 5 in Spellcasting
  9212 | D:7      | Noticed a hornet
  9218 | D:7      | Killed a hornet
  9219 | D:7      | Reached skill level 1 in Fighting
  9219 | D:7      | Reached skill level 5 in Poison Magic
  9577 | D:7      | Found a staircase to the Ecumenical Temple.
  9927 | D:7      | Found a runed translucent gate.
  9928 | D:7      | Found a runed translucent gate.
  9928 | D:7      | Noticed Smoky173's ghost (novice HOFi)
  9929 | D:7      | Found a runed translucent gate.
  9931 | D:7      | Noticed a kobold demonologist
  9958 | D:7      | Found Yneuguzo's Distillery.
 10035 | D:7      | Reached skill level 1 in Staves
 10037 | D:7      | Reached skill level 6 in Spellcasting
 10037 | D:7      | Reached XP level 9. HP: 67/67 MP: 9/21
 10123 | D:7      | Learned a level 4 spell: Olgreb's Toxic Radiance
 10290 | D:7      | Noticed a white ugly thing
 10295 | D:7      | Reached skill level 1 in Fire Magic
 10304 | D:7      | Mangled by a white ugly thing

Illustrated notes

Levels and vault maps discovered:
D:1:      psy_arrival_basics, layout_basic, item_on_display_a
D:2:      minmay_recursive_quarters, layout_basic, serial_bayou,
          serial_bayou_shore_b, serial_bayou_pond_a, serial_bayou_lagoon_b,
          serial_bayou_crossing, hellmonk_ecumenical_altar_inner_sanctum
D:3:      layout_loops_ring, general_overflow_altar, supply_closet_lemuel,
          corexii_corridor_pit, kennysheep_nub, uniq_crazy_yiuf_cottage
D:4:      layout_cave_pods, serial_glass, glass_columns_a, glass_columns_a,
          uniq_ijyb, uniq_robin
D:5:      layout_loops_corners, mainiacjoe_overflow_chevrons,
          nicolae_ru_path_of_blood, serial_glass, glass_columns_b,
          glass_columns_a, minmay_strange_pillars
D:6:      layout_rooms, grunt_dithmenos_smoke, serial_co_window_serial,
          co_window_paths_a, co_window_paths_b, co_window_paths_a,
          co_window_corner_a, co_window_cross_1, co_window_of_opportunity_a,
          co_window_cross_1, co_window_paths_c, co_window_of_opportunity_b,
          co_window_broadway_b, co_window_sun, co_window_4corner_b,
          glass_columns_b, glass_columns_c, glass_columns_b, glass_columns_b
D:7:      layout_loops_ring, nicolae_overflow_squiral,
          minmay_temple_entry_drinking_statues, serial_shops,
          nicolae_shop_behind_doors, gammafunk_ghost_nasty_kobolds,
          hangedman_decor_slide_cut, minmay_manual_moon

Skill      XL: |  1  2  3  4  5  6  7  8  9 |
---------------+----------------------------+-----
Poison Magic   | 3 4 5 |  5.4
Spellcasting   | 2 3 4 6 |  6.2
Transmutations | 1 2 |  2.3
Air Magic      | 1 2 3 |  3.5
Stealth        | 2 3 |  3.2
Dodging        | 2 |  2.6
Evocations     | 2 3 4 |  4.4
Short Blades   | 1 |  1.5
Armour         | 1 2 |  2.0
Fighting       | 2 |  2.1
Staves         | 1 |  1.6
Fire Magic     | 1 |  1.0
Conjurations   | |  0.4
Hexes          | |  0.5
Ice Magic      | |  0.4

Action                   |  1- 3 |  4- 6 |  7- 9 || total
-------------------------+-------+-------+-------++-------
Melee: Short sword       |    50 |   139 |    21 ||   210
       Unarmed           |     1 |       |       ||     1
       Punch             |       |     1 |       ||     1
       Quarterstaff      |       |       |    54 ||    54
 Cast: Sting             |    30 |    40 |    23 ||    93
       Poisonous Vapours |    45 |    71 |    26 ||   142
       Mephitic Cloud    |     1 |     3 |     5 ||     9
       Ensorcelled Hiber |       |     4 |     4 ||     8
       Swiftness         |       |     6 |       ||     6
       Ignite Poison     |       |       |    15 ||    15
       Olgreb's Toxic Ra |       |       |     2 ||     2
Evoke: Wand              |       |       |     3 ||     3
 Stab: Sleeping          |     4 |     7 |     3 ||    14
       Invisible         |       |     1 |       ||     1
       Confused          |       |       |     2 ||     2
Armor: Robe              |    22 |    37 |     3 ||    62
       Leather armour    |       |       |    34 ||    34
Dodge: Dodged            |    57 |   125 |    62 ||   244
